 Dungeon Crawl Stone Soup version 0.17-a0-913-g36eb389 (webtiles) character file.

2102 Lathuz the Cleaver (level 9, 0/82 HPs)
             Began as a Minotaur Berserker on May 3, 2015.
             Was a High Priest of Trog.
             Slain by Joseph
             ... wielding a +0 quarterstaff of distortion
              (4 damage)
             ... on level 7 of the Dungeon.
             The game lasted 00:18:33 (7900 turns).

Lathuz the Cleaver (Minotaur Berserker)             Turns: 7900, Time: 00:18:33

Health: 0/82       AC: 16    Str: 22    XL:     9   Next: 7%
Magic:  8/8        EV:  7    Int:  4    God:    Trog [*****.]
Gold:   155        SH:  0    Dex: 13    Spells: 0 memorised, 8 levels left

rFire  . . .     SeeInvis .     A - +3 hand axe (vamp)
rCold  . . .     Clarity  .     u - +3 plate armour {MR+}
rNeg   . . .     SustAb   .     (no shield)
rPois  .         Gourm    .     (helmet restricted)
rElec  .         Spirit   .     (no cloak)
rCorr  .         Warding  .     (no gloves)
rMut   .         Stasis   .     (no boots)
MR     +....                    (no amulet)
Stlth  ..........               (no ring)
                                (no ring)

@: exhausted, slowed, very slow, somewhat resistant to hostile enchantments,
extremely unstealthy
A: retaliatory headbutt, horns 2
a: Burn Spellbooks, Berserk, Trog's Hand, Brothers in Arms, Renounce Religion


You were on level 7 of the Dungeon.
You worshipped Trog.
Trog was extremely pleased with you.
You were hungry.

You visited 1 branch of the dungeon, and saw 7 of its levels.
You also visited: Ossuary.

You collected 638 gold pieces.
You spent 483 gold pieces at shops.

Inventory:

Hand weapons
 A - a +3 vampiric hand axe (weapon)
Armour
 u - a +3 plate armour of magic resistance (worn)
Jewellery
 q - a +2 ring of protection {unknown}
Magical devices
 b - a wand of disintegration (4)
 p - a wand of slowing (25)
 r - a wand of digging (4)
 y - a wand of frost (21)
 K - a wand of digging (11)
Scrolls
 a - a scroll of blinking
 g - 3 scrolls of identify
 j - 2 scrolls of remove curse
 l - 2 scrolls of enchant armour
 n - a scroll of amnesia
 v - a scroll of noise
 w - 2 scrolls of teleportation
 x - a scroll of immolation
Potions
 d - 2 potions of might {unknown}
 e - 2 potions of cancellation {unknown}
 f - 2 potions of resistance {unknown}
 i - 2 potions of heal wounds {unknown}
 k - a potion of flight {unknown}
 m - a potion of curing {unknown}
 o - 5 potions of agility {unknown}
 t - a potion of cure mutation {unknown}
 B - a potion of haste {unknown}
 D - 2 potions of degeneration {unknown}
 E - 2 potions of brilliance {unknown}
 F - 4 potions of lignification {unknown}
 G - 3 potions of poison {unknown}
Books
 C - a book of Air

   Spells                             Type                      Level
   a - Shock                          Conjuration/Air              1
   b - Swiftness                      Charms/Air                   2
   c - Repel Missiles                 Charms/Air                   2
   d - Flight                         Charms/Air                   3
   e - Static Discharge               Conjuration/Air              3
   f - Lightning Bolt                 Conjuration/Air              5
   Trog disapproves of the use of such an item.
Comestibles
 c - 8 bread rations
 h - 2 fruits


   Skills:
 + Level 8.5 Fighting
 - Level 10.0 Axes
 + Level 7.9 Armour
 - Level 2.1 Dodging


You had 8 spell levels left.
You didn't know any spells.

Dungeon Overview and Level Annotations

Branches:
Dungeon (7/15)             Temple (0/1) D:5

Altars:
Trog

Shops:
D:4 [

Annotations:
D:7 Joseph


Innate Abilities, Weirdness & Mutations

You reflexively headbutt those who attack you in melee.
You have a pair of horns on your head.


Message History

You are too injured to fight recklessly!
You are too injured to fight recklessly!
Eat which item? (? for menu, Esc to quit)
You are feeling hungry.
Mmm - a full handful of huckleberries!
You start resting.
Joseph barely misses you. You furiously retaliate!
You headbutt Joseph!
Joseph is nearby!
You closely miss Joseph. You headbutt Joseph!
Joseph is heavily wounded.
Joseph hits you with an uncursed quarterstaff of distortion.
* * * LOW HITPOINT WARNING * * *
Space warps horribly around you!
* * * LOW HITPOINT WARNING * * *
You hit Joseph. You headbutt Joseph, but do no damage.
Joseph is heavily wounded.
Joseph hits you with an uncursed quarterstaff of distortion.
* * * LOW HITPOINT WARNING * * *
Space bends around you.
You die...

....##########....##
#######.
......#.#..........# #.
..###..........##..#######
#.
..####...#####.###...#...##
#.
...#....#.#.##.###........##
#.
#.#.....#(..#........####..#
##. #.#......#.....###...#
##.####(.
...(....##@.##.@###..#
#..##(.#
....#..((..ยง#..#@##..#
##.(..##
.................##.##
#.(.## ..#...##...##.#####.#
##...# ...(...#..####.####.#
##....# .[.......#<#
##.....# ###.....###
.........#####..##.##
#...##.....
.........##.#.####.#
#..#####...
......#....#.#####.#
#..#####.##
...........##.#.#..#
#........##


You could see Joseph.

Vanquished Creatures
  Sigmund (D:2)
  A water moccasin (D:7)
  An ice beast (D:6)
  An orc warrior (D:6)
  3 ogres
  A phantom (D:6)
  A centaur (D:6)
  3 giant frogs
  A scorpion (D:4)
  4 orc priests
  A crimson imp (D:6)
  An iguana (D:6)
  2 centaur zombies
  A giant frog skeleton (D:6)
  Ijyb (D:2)
  2 hounds
  3 orc wizards
  4 worker ants
  Terence (D:3)
  3 big kobold zombies (Ossuary)
  2 mummies (Ossuary)
  A worker ant zombie (D:5)
  4 gnolls (D:7)
  11 adders
  A shadow imp (D:7)
  2 adder zombies (D:7)
  7 worms
  4 giant geckos
  13 orcs
  18 bats
  A bat zombie (D:6)
  9 goblins
  15 hobgoblins
  9 jackals
  12 kobolds
  5 quokkas
  A ball python (D:1)
  7 giant cockroaches
  4 giant newts
  4 gnoll zombies (Ossuary)
  5 hobgoblin zombies (Ossuary)
  2 orc zombies (Ossuary)
  9 rats
  A butterfly (D:5)
183 creatures vanquished.

Notes
Turn   | Place    | Note
--------------------------------------------------------------
     0 | D:1      | Lathuz, the Minotaur Berserker, began the quest for the Orb.
     0 | D:1      | Reached XP level 1. HP: 19/19 MP: 0/0
   222 | D:1      | Reached skill level 4 in Axes
   555 | D:1      | Reached XP level 2. HP: 24/26 MP: 1/1
  1084 | D:1      | Reached skill level 5 in Axes
  1174 | D:2      | Acquired Trog's second power
  1174 | D:2      | Reached XP level 3. HP: 23/31 MP: 2/2
  1198 | D:2      | Noticed Ijyb
  1208 | D:2      | Killed Ijyb
  1381 | D:2      | Reached XP level 4. HP: 35/39 MP: 3/3
  1383 | D:2      | Reached skill level 6 in Axes
  1634 | D:2      | Noticed Sigmund
  1649 | D:2      | Killed Sigmund
  1649 | D:2      | Reached skill level 7 in Axes
  1649 | D:2      | Reached XP level 5. HP: 45/45 MP: 4/4
  2042 | D:2      | Reached skill level 8 in Axes
  2165 | D:2      | Found a bloodstained altar of Trog.
  2315 | D:3      | Reached XP level 6. HP: 35/51 MP: 5/5
  2606 | D:3      | Reached skill level 9 in Axes
  3251 | D:3      | Noticed Terence
  3256 | D:3      | Killed Terence
  3435 | D:4      | Reached XP level 7. HP: 49/57 MP: 6/6
  3505 | D:4      | Reached skill level 10 in Axes
  3589 | D:4      | Found Wemeiti's Antique Armour Shop.
  4159 | D:5      | Entered Level 5 of the Dungeon
  4193 | D:5      | Acquired Trog's third power
  4252 | D:5      | Found a staircase to the Ecumenical Temple.
  4673 | D:5      | Found a sand-covered staircase.
  4678 | Ossuary  | Entered an ossuary
  4696 | Ossuary  | Reached skill level 5 in Fighting
  5044 | D:5      | Reached XP level 8. HP: 69/69 MP: 7/7
  5110 | D:4      | Bought a shiny plate armour for 483 gold pieces
  5347 | D:6      | Reached skill level 5 in Armour
  6725 | D:7      | Noticed Joseph
  7067 | D:7      | Reached XP level 9. HP: 67/82 MP: 8/8
  7900 | D:7      | HP: 4/82 [Joseph/uncursed quarterstaff of distortion (2)]
  7900 | D:7      | Slain by Joseph

Action                   |  1- 3 |  4- 6 |  7- 9 || total
-------------------------+-------+-------+-------++-------
Melee: Hand axe          |    62 |   140 |   321 ||   523
Invok: Berserk           |     1 |     3 |     5 ||     9
  Use: Scroll            |       |       |    10 ||    10
  Eat: Chunk             |     2 |     8 |     7 ||    17
       Meat ration       |       |     2 |     1 ||     3
       Fruit             |       |       |     4 ||     4
